 Dungeon Crawl Stone Soup version 0.24-a0-446-g87df7205b4 (webtiles) character file.

Game seed: 6055276173052855607

237206 drasked the Wrestler (level 18, -3/188 HPs)
             Began as a Troll Monk on June 23, 2019.
             Was the Champion of Okawaru.
             Slain by a vampire knight
             ... wielding a +1 halberd
              (27 damage)
             ... on level 2 of the Depths on June 24, 2019.
             The game lasted 03:09:21 (31892 turns).

drasked the Wrestler (Troll Monk)                  Turns: 31892, Time: 03:09:22

Health: -3/188     AC:  4    Str: 28    XL:     18   Next: 96%
Magic:  13/22      EV: 19    Int: 12    God:    Okawaru [******]
Gold:   1356       SH: 23    Dex: 12    Spells: 17/17 levels left

rFire    + . .     SeeInvis +     - Unarmed
rCold    + . .     Gourm    +   e - +1 large shield {reflect}
rNeg     . . .     Faith    .   J - +2 troll leather armour {regen}
rPois    +         Spirit   .   a - +2 hat
rElec    .         Reflect  +   v - +2 cloak {rPois}
rCorr    .         Harm     .   (gloves unavailable)
MR       +....                  (boots unavailable)
Stlth    +++.......             I - amulet of regeneration {+regen, !d}
HPRegen  1.61/turn              D - ring "Bejuag" {+Fly rC+ SInv}
MPRegen  0.18/turn              h - ring "Ketrash" {rF+ EV+6 Str+4}

@: heroism, finesse, corroded
A: large, unfitting armour, claws 3, fast metabolism 3, gourmand, regeneration
1, shaggy fur 1, tough skin 3
}: 1/15 runes: barnacled
a: Heroism, Finesse, Renounce Religion, Evoke Flight


You were on level 2 of the Depths.
You worshipped Okawaru.
Okawaru was exalted by your worship.
You were very full.

You visited 6 branches of the dungeon, and saw 30 of its levels.
You visited the Abyss 1 time.
You also visited: Bailey, Gauntlet and Ice Cave.

You collected 3746 gold pieces.
You spent 2390 gold pieces at shops.

Inventory:

Hand Weapons
 d - the +3 mace of Uttel {crush, *Noise MR++ Dex+7, unknown}
   (You found it on level 2 of the Depths)

   It inflicts extra damage upon your enemies.
   It affects your dexterity (+7).
   It affects your resistance to hostile enchantments.
   It may make noises in combat.
Missiles
 B - 27 large rocks {!d}
 K - 71 silver javelins (quivered)
Armour
 a - a +2 hat (worn)
   (You took it off Gastronok on level 11 of the Dungeon)
 e - a +1 large shield of reflection (worn)
   (Okawaru gifted it to you on level 10 of the Dungeon)
 v - a +2 cloak of poison resistance (worn)
   (You bought it in a shop on level 2 of the Orcish Mines)
 J - a +2 troll leather armour (worn) {regen}
   (You found it in an ice cave)
Jewellery
 f - an uncursed ring of protection from magic {unknown}
   (You found it on level 2 of the Depths)
 h - the ring "Ketrash" (right claw) {rF+ EV+6 Str+4}
   (You bought it in a shop on level 12 of the Dungeon)

   [ring of evasion]

   It affects your evasion (+6).
   It affects your strength (+4).
   It protects you from fire.
 m - an uncursed ring of positive energy {rN+}
   (You took it off a frost giant on level 2 of the Depths)
 y - an uncursed ring of resist corrosion
   (You found it on level 7 of the Dungeon)
 D - the ring "Bejuag" (left claw) {+Fly rC+ SInv}
   (You bought it in a shop on level 13 of the Dungeon)

   [ring of flight]

   It protects you from cold.
   It lets you see invisible.
   It lets you fly.
 I - an amulet of regeneration (around neck) {+regen, !d}
   (You bought it in a shop on level 12 of the Dungeon)
 U - an uncursed ring of positive energy {rN+}
   (You found it on level 12 of the Dungeon)
Wands
 M - a wand of digging (4)
   (You found it on level 6 of the Lair of Beasts)
Scrolls
 c - 10 scrolls of identify
 i - 3 scrolls of magic mapping {!r}
 l - 11 scrolls of teleportation
 o - 8 scrolls of remove curse
 r - 4 scrolls of immolation {!r}
 F - 3 scrolls of silence
 H - a scroll of blinking {!r}
Potions
 g - 3 potions of lignification {!q}
 j - 2 potions of might
 k - 2 potions of invisibility
 p - 3 potions of haste
 s - 4 potions of magic
 t - 5 potions of agility
 u - 3 potions of flight
 w - 3 potions of resistance
 x - 3 potions of brilliance
 A - 5 potions of ambrosia
 C - 2 potions of cancellation
 G - a potion of berserk rage {!q}
 R - a potion of curing
 X - 2 potions of heal wounds
Miscellaneous
 q - a sack of spiders
Comestibles
 b - 51 rations


   Skills:
 + Level 13.9(18.9) Fighting
 - Level 13.0(18.0) Throwing
 + Level 0.0(5.0) Armour
 - Level 2.4(7.4) Dodging
 - Level 1.0(6.0) Stealth
 + Level 11.8(16.8) Shields
 * Level 21.4(26.4) Unarmed Combat
 + Level 6.7 Invocations


You had 17 spell levels left.
You didn't know any spells.
Your spell library contained the following spells:

 Spells                   Type           Power        Failure   Level  Hunger
 Corona                   Hex            #......      36%         1    ##.....
 Magic Dart               Conj           #...         36%         1    ##.....
 Sandblast                Erth           #.....       36%         1    ##.....
 Shock                    Conj/Air       #...         36%         1    ##.....
 Call Imp                 Summ           #.......     50%         2    ###....
 Ensorcelled Hibernation  Hex/Ice        #.....       50%         2    ###....
 Passwall                 Tmut/Erth      #.......     50%         2    ###....
 Poisonous Vapours        Pois/Air       #.....       50%         2    ###....
 Searing Ray              Conj           #.....       50%         2    ###....
 Swiftness                Chrm/Air       #.......     50%         2    ###....
 Confuse                  Hex            #.......     73%         3    ####...
 Dazzling Spray           Conj/Hex       #.....       73%         3    ####...
 Recall                   Summ/Tloc      N/A          73%         3    ####...
 Static Discharge         Conj/Air       #.......     73%         3    ####...
 Stone Arrow              Conj/Erth      #.....       73%         3    ####...
 Tukima's Dance           Hex            #.......     73%         3    ####...
 Airstrike                Air            #.........   98%         4    #####..
 Force Lance              Conj/Tloc      #.......     98%         4    #####..
 Fulminant Prism          Conj/Hex       #.........   98%         4    #####..
 Iskenderun's Mystic Bla  Conj           #.......     98%         4    #####..
 Petrify                  Tmut/Erth      #.......     98%         4    #####..
 Aura of Abjuration       Summ           #.........   100%        5    ######.
 Excruciating Wounds      Chrm/Necr      #.........   100%        5    ######.
 Lee's Rapid Deconstruct  Erth           #.........   100%        5    ######.
 Lightning Bolt           Conj/Air       #.........   100%        5    ######.
 Summon Demon             Summ           #.........   100%        5    ######.
 Summon Forest            Summ/Tloc      #.........   100%        5    ######.
 Summon Mana Viper        Hex/Summ       #.......     100%        5    ######.
 Shadow Creatures         Summ           N/A          100%        6    #######


Dungeon Overview and Level Annotations

Branches:
Dungeon (15/15)            Temple (1/1) D:6            Lair (6/6) D:9
 Shoals (4/4) Lair:2       Spider (0/4) Lair:2        Slime (0/5) Lair:6
    Orc (2/2) D:9             Elf (0/3) Orc:2        Vaults (0/5) D:14
 Depths (2/5) D:15

Altars:
Ashenzari
Cheibriados
Dithmenos
Elyvilon
Fedhas
Gozag
Hepliaklqana
Kikubaaqudgha
Makhleb
Nemelex Xobeh
Okawaru
Qazlal
Ru
Sif Muna
Trog
Uskayaw
Vehumet
Wu Jian
Xom
Yredelemnul
Zin
The Shining One
Beogh

Shops:
D:8 }   D:12 =   D:13 :==:(   D:14 %   Orc:1 *   Orc:2 (*:[   Shoals:3 :

Portals:
Hell: Depths:1
Trove: D:11 (give +4 fire dragon scales)

Annotations:
Shoals:1 2 runed translucent doors, Ezendos's ghost, adept OgTm
Depths:1 1 runed translucent door


Innate Abilities, Weirdness & Mutations

You are too large for most types of armour.
You have claws for hands.
Your metabolism is lightning-fast.
You like to eat raw meat.
Your natural rate of healing is unusually fast.
You are covered in fur. (AC +1)
You have extremely tough skin. (AC +3)


Message History

You take 32 damage, and have 64/188 hp.
You eviscerate the red ugly thing!!! You block the red ugly thing's attack.
You claw the red ugly thing!
You kill the red ugly thing!
Okawaru accepts your kill.
You closely miss the brown very ugly thing.
The brown very ugly thing barely misses you.
You completely miss the brown very ugly thing.
You claw the brown very ugly thing!
You scratch the brown very ugly thing but do no damage.
The brown very ugly thing punches you!
* * * LOW HITPOINT WARNING * * *
You are splashed with acid!
* * * LOW HITPOINT WARNING * * *
You take 23 damage, and have 43/188 hp.
You gain the combat prowess of a mighty hero.
The brown very ugly thing punches you!
* * * LOW HITPOINT WARNING * * *
The acid corrodes you!
You are splashed with acid.
* * * LOW HITPOINT WARNING * * *
You take 17 damage, and have 26/188 hp.
You now have 13/21 mp.
You barely miss the brown very ugly thing.
You regained 2 hp, and now have 29/188 hp.
You scratch the brown very ugly thing. You mangle the brown very ugly thing!!
You mangle the brown very ugly thing!!
You block the brown very ugly thing's attack.
You mangle the brown very ugly thing!! You mangle the brown very ugly thing!!
You kill the brown very ugly thing!
Okawaru accepts your kill. Something appears at your feet!
Okawaru grants you armour! The fire dragon breathes flames at you.
The blast of flame misses you.
You hear a horrible gurgling sound! x2; You hear a deafening roar!
You regained 2 hp, and now have 32/188 hp.
The frost giant shouts!
You block the fire dragon's attack. x3
Things that are here:
a very ugly thing corpse; an ugly thing corpse You regained 2 hp, and now have 34/188 hp.
You mangle the fire dragon!! You block the fire dragon's attack.
The fire dragon closely misses you. You block the fire dragon's attack.
You eviscerate the fire dragon!!!!
You kill the fire dragon!
Okawaru accepts your kill.
The frost giant gestures at you while chanting.
The bolt of cold misses you.
You mangle the frost giant!! You eviscerate the frost giant!!!
You hear a shout!
The frost giant hits you with a +1 battleaxe of freezing!
* * * LOW HITPOINT WARNING * * *
You take 14 damage, and have 23/188 hp.
You eviscerate the frost giant!!!
You kill the frost giant!
Okawaru accepts your kill.
You mangle the brown very ugly thing!!
You block the brown very ugly thing's attack.
You closely miss the brown very ugly thing.
The vampire knight gestures wildly while chanting.
The vampire knight flickers and vanishes for a moment.
Your troll leather armour prevents you from hitting the brown very ugly thing.
You mangle the brown very ugly thing!!
The brown very ugly thing closely misses you.
The glowing orange brain pulsates.
Something tries to feed on your intellect!
You scratch the brown very ugly thing but do no damage.
You feel more confident with your borrowed prowess.
The glowing orange brain pulsates.
You are confused.
The brown very ugly thing kicks you but does no damage.
You regained 2 hp, and now have 29/188 hp.
You now have 12/22 mp.
Okay, then.
You're too confused!
Okay, then.
Okay, then.
You feel better. You block the vampire knight's attack.
The glowing orange brain pulsates.
You block the brown very ugly thing's attack.
You regained 9 hp, and now have 38/188 hp.
You mangle the brown very ugly thing!!
You completely miss the brown very ugly thing.
The vampire knight mumbles some strange words.
The vampire knight seems to speed up.
You scratch the brown very ugly thing.
You scratch the brown very ugly thing but do no damage.
The brown very ugly thing kicks you!
* * * LOW HITPOINT WARNING * * *
The acid corrodes you!
You are splashed with acid!
* * * LOW HITPOINT WARNING * * *
You take 18 damage, and have 22/188 hp.
You scratch the brown very ugly thing.
The vampire knight blinks!
You claw the brown very ugly thing! You scratch the brown very ugly thing.
You closely miss the brown very ugly thing.
The vampire knight hits you from afar with a +1 halberd!!
You die...

..####..## #..#
.#...#...###...#
..
[#.).##.......#
...
(#..?###.....##
...
.#########.#####
##.# # ..
...#.....# ..#
.# ..
#.#####.###V. ..
#.. #.G.#...#..#
.# .#
###G#)###@†##..#
##
#VGuC.#Gu##[.#
###.#T###§###..#
#...#DuD#c#
.##..
#.#####.#)#..
..#
#.....#..(###
#.. #####.#####
###


You could see a brown very ugly thing, a yaktaur captain, a vampire knight
(invisible) and a glowing orange brain.

Vanquished Creatures
  2 liches
  A tentacled monstrosity (Depths:2)
  Gastronok (D:11)
  A shadow dragon (Depths:2)
  Donald (Shoals:2)
  Ilsuiw (Shoals:4)
  4 frost giants (Depths:2)
  A fire giant (Depths:1)
  4 iron dragons (Depths:1)
  2 deep elf sorcerers (Depths:2)
  Aizul (Shoals:3)
  An orc warlord (Orc:2)
  A reaper (IceCv)
  A spriggan defender (Depths:2)
  The ghost of vurker the Severer, a journeyman HOMo of Yredelemnul (Lair:6)
  4 stone giants
  6 very ugly things (Depths:2)
  A vampire knight (Depths:2)
  The ghost of drasked the Brawler, a journeyman TrMo of Jiyva (Lair:2)
  2 dire elephants (Gauntlet)
  2 spark wasps (Depths:2)
  Azrael (D:15)
  A minotaur (Gauntlet)
  6 merfolk javelineers
  9 merfolk impalers
  8 ettins
  A crystal guardian (Depths:2)
  Josephine (D:15)
  Erolcha (D:12)
  A great orb of eyes (Depths:2)
  A yaktaur captain (Depths:2)
  4 vault guards (D:14)
  A fire dragon (Depths:2)
  Harold (D:7)
  3 rakshasas
  14 hydras
  3 centaur warriors
  The ghost of emperorscorpion the Cleaver, a novice DDBe of Trog (Orc:2)
  2 catoblepae (Lair:5)
  10 merfolk aquamancers
  13 two-headed ogres
  A death knight (D:15)
  3 merfolk avatars
  6 deep troll earth magi
  An ogre mage (D:15)
  3 satyrs
  5 deep troll shamans
  5 tengu warriors (Depths:1)
  An orc high priest (Orc:2)
  Urug (Orc:1)
  A vampire mage (Depths:1)
  2 spriggan berserkers
  A dancing weapon (Lair:2)
  A sun demon (D:13)
  A fire crab (Lair:6)
  13 deep trolls
  An iron troll (Depths:1)
  A wizard (Depths:2)
  9 sea snakes
  A skeletal warrior (D:15)
  2 glowing orange brains (Depths:1)
  A phantasmal warrior (D:15)
  5 orc knights
  A deep elf mage (D:13)
  A wolf spider (D:15)
  14 manticores
  3 orc sorcerers
  23 harpies
  7 ugly things
  An oklob plant (Lair:6)
  16 fauns
  A mana viper (shapeshifter) (D:15)
  5 cyclopes
  Maurice (D:12)
  31 elephants
  2 black mambas
  2 centaur zombies
  4 rust devils (Depths:1)
  A salamander (Depths:1)
  2 ice statues (IceCv)
  10 water nymphs
  13 merfolk sirens
  3 gargoyles
  25 spiny frogs
  A yaktaur (shapeshifter) (Depths:2)
  4 rime drakes
  6 komodo dragons
  A kobold demonologist (D:14)
  10 ice devils
  5 yaktaurs
  4 tengu conjurers
  28 merfolk
  9 trolls
  9 wind drakes
  4 tyrant leeches (Lair:6)
  A polar bear (Lair:5)
  15 slime creatures
  A hornet (D:13)
  5 snapping turtles
  15 dream sheep
  A meliai zombie (D:15)
  11 blink frogs (Lair:6)
  12 hippogriffs
  5 wraiths (D:15)
  3 wyverns
  14 water elementals
  A redback (Lair:2)
  A shadow (D:13)
  A vampire (D:11)
  A hog (shapeshifter) (Depths:1)
  61 yaks
  A spriggan (D:14)
  5 fire elementals (D:15)
  2 basilisks
  7 humans (D:14)
  3 hungry ghosts
  10 vampire mosquitoes
  2 wargs (Orc:2)
  An acid dragon (D:12)
  11 water moccasins
  A floating eye (shapeshifter) (Depths:1)
  A water moccasin (shapeshifter) (Depths:1)
  3 hell hounds (D:15)
  8 porcupines
  Purgy (D:3)
  A black bear (D:6)
  5 ice beasts
  31 orc warriors
  A phantom (D:9)
  3 necrophages
  10 ogres
  4 sky beasts
  13 centaurs
  5 wolves (Lair:3)
  14 crocodiles
  4 big kobolds
  20 bullfrogs
  A wyvern zombie (D:10)
  A wyvern skeleton (D:12)
  3 scorpions
  9 killer bees
  An electric eel (Lair:6)
  25 wights
  5 howler monkeys
  13 crimson imps
  2 bullfrog zombies
  2 centaur skeletons
  4 bullfrog skeletons
  8 hounds
  7 jellies
  2 quasits
  14 orc priests
  40 orc wizards
  3 iron imps (D:4)
  Jessica (D:2)
  Terence (D:2)
  3 iguanas
  10 worker ants
  A killer bee zombie (D:7)
  A hound zombie (D:10)
  2 hound skeletons
  A howler monkey zombie (D:6)
  A worker ant zombie (D:10)
  A howler monkey skeleton (D:5)
  15 adders
  3 shadow imps
  15 white imps
  6 ufetubi (IceCv)
  2 adder skeletons (D:4)
  5 worms
  A dart slug (D:1)
  8 leopard geckos
  92 orcs
  2 ball pythons
  A giant cockroach (D:1)
  7 goblins
  7 hobgoblins
  2 jackals (D:6)
  7 quokkas
  6 bats
  3 frilled lizards
  24 kobolds
  2 leopard gecko skeletons
  A leopard gecko zombie (D:7)
  A quokka zombie (D:8)
  5 rats
  A spectral orc (D:8)
  A fungus (Lair:6)
  A plant (Shoals:3)
1128 creatures vanquished.

Vanquished Creatures (collateral kills)
  A phantom (D:12)
  A centaur (D:12)
  A wight (D:12)
  2 orc priests (D:12)
  An orc (D:12)
6 creatures vanquished.

Vanquished Creatures (others)
  2 satyrs (Shoals:4)
  A cyclops (D:13)
  A human (D:14)
  2 centaurs
  2 white imps (IceCv)
  2 ufetubi (IceCv)
  An orc (D:12)
  A demonic plant (Gauntlet)
  2 fungi (Lair:6)
  40 plants
54 creatures vanquished.

Grand Total: 1188 creatures vanquished

Notes
Turn   | Place    | Note
-------+----------+-------------------------------------------
     0 | D:1      | drasked the Troll Monk began the quest for the Orb.
     0 | D:1      | Reached XP level 1. HP: 22/22 MP: 0/0
   348 | D:1      | Reached XP level 2. HP: 29/29 MP: 1/1
   991 | D:2      | Reached XP level 3. HP: 36/36 MP: 2/2
  1066 | D:2      | Reached skill level 4 in Unarmed Combat
  1075 | D:2      | Noticed Terence
  1076 | D:2      | Noticed Jessica
  1095 | D:2      | Killed Terence
  1095 | D:2      | Reached skill level 3 in Fighting
  1173 | D:2      | Killed Jessica
  1173 | D:2      | Reached XP level 4. HP: 42/45 MP: 3/3
  1268 | D:2      | Found a sacrificial altar of Ru.
  1361 | D:2      | Found a glowing golden altar of the Shining One.
  1452 | D:2      | Found a deep blue altar of Sif Muna.
  1661 | D:3      | Reached skill level 5 in Unarmed Combat
  1661 | D:3      | Reached XP level 5. HP: 49/53 MP: 4/4
  1906 | D:3      | Noticed Purgy
  1913 | D:3      | Killed Purgy
  1913 | D:3      | Reached XP level 6. HP: 58/62 MP: 5/5
  1946 | D:3      | Found a hide-covered altar of Uskayaw.
  1946 | D:3      | Found a stormy altar of Qazlal.
  2133 | D:4      | Reached skill level 6 in Unarmed Combat
  2190 | D:4      | Reached skill level 4 in Fighting
  2717 | D:4      | Reached XP level 7. HP: 67/70 MP: 6/6
  2903 | D:4      | Reached skill level 7 in Unarmed Combat
  3123 | D:4      | Found a burning altar of Makhleb.
  3248 | D:5      | Entered Level 5 of the Dungeon
  3474 | D:5      | Reached skill level 8 in Unarmed Combat
  3480 | D:5      | Found a hazy altar of Hepliaklqana.
  3562 | D:5      | Reached skill level 5 in Fighting
  3609 | D:5      | Reached XP level 8. HP: 80/80 MP: 7/7
  4007 | D:6      | Reached skill level 9 in Unarmed Combat
  4038 | D:5      | HP: 14/81 [killer bee (8)]
  4043 | D:5      | HP: 4/81 [killer bee (7)]
  4488 | D:6      | Reached skill level 6 in Fighting
  4489 | D:6      | Found a staircase to the Ecumenical Temple.
  4512 | Temple   | Entered the Ecumenical Temple
  4645 | Temple   | Became a worshipper of Warmaster Okawaru
  4645 | Temple   | Reached * piety under Okawaru
  4645 | Temple   | Reached ** piety under Okawaru
  4700 | D:6      | Reached skill level 10 in Unarmed Combat
  4703 | D:6      | Reached XP level 9. HP: 87/89 MP: 8/8
  5184 | D:7      | Reached skill level 1 in Throwing
  5198 | D:7      | Reached *** piety under Okawaru
  5198 | D:7      | Reached skill level 2 in Throwing
  5207 | D:7      | Reached skill level 11 in Unarmed Combat
  5563 | D:7      | Noticed Harold
  5578 | D:7      | HP: 23/92 [Harold/+0 short sword (17)]
  5579 | D:7      | Killed Harold
  5579 | D:7      | Reached **** piety under Okawaru
  5579 | D:7      | Reached skill level 7 in Fighting
  5579 | D:7      | Reached skill level 3 in Throwing
  5579 | D:7      | Reached XP level 10. HP: 26/102 MP: 9/9
  5602 | D:7      | HP: 25/102 [wight/+0 long sword (3)]
  5705 | D:7      | Got a silken robe
  5896 | D:7      | Identified the +1 robe "Qysej" {rElec rPois Stlth-} (You
                  | found it on level 7 of the Dungeon)
  6116 | D:8      | Found an ornate altar of the Wu Jian Council.
  6205 | D:8      | Noticed a two-headed ogre
  6222 | D:8      | Killed a two-headed ogre
  6222 | D:8      | Reached skill level 4 in Throwing
  6222 | D:8      | Reached skill level 12 in Unarmed Combat
  6465 | D:8      | Found Yzyqeff's Gadget Shop.
  6837 | D:8      | Found a basalt altar of Yredelemnul.
  7019 | D:9      | Noticed a two-headed ogre
  7026 | D:8      | Reached ***** piety under Okawaru
  7062 | D:9      | Found a staircase to the Orcish Mines.
  7265 | D:9      | Killed a two-headed ogre
  7402 | D:9      | Found a staircase to the Lair.
  7425 | D:9      | Found a bloodstained altar of Trog.
  7425 | D:9      | Found a glowing silver altar of Zin.
  7425 | D:9      | Found a shattered altar of Ashenzari.
  7554 | D:9      | Reached skill level 8 in Fighting
  7633 | D:9      | Reached skill level 5 in Throwing
  7685 | D:9      | Found a shadowy altar of Dithmenos.
  7733 | D:10     | Entered Level 10 of the Dungeon
  7803 | D:10     | Received a gift from Okawaru
  8078 | D:10     | Reached XP level 11. HP: 110/110 MP: 10/10
  8170 | D:10     | Reached skill level 13 in Unarmed Combat
  8226 | D:10     | Noticed a two-headed ogre
  8233 | D:10     | Killed a two-headed ogre
  8233 | D:10     | Reached skill level 1 in Shields
  8306 | D:10     | Found a flagged portal.
  8314 | Bailey   | Entered a bailey
  8527 | Bailey   | Noticed an orc knight
  8531 | Bailey   | Noticed an orc knight
  8623 | Bailey   | Killed an orc knight
  8628 | Bailey   | Killed an orc knight
  8889 | D:11     | Reached skill level 2 in Shields
  8979 | D:11     | Found a portal to a secret trove of treasure.
  8999 | D:11     | Noticed a two-headed ogre
  9003 | D:11     | Killed a two-headed ogre
  9003 | D:11     | Reached skill level 6 in Throwing
  9151 | D:11     | Noticed Gastronok
  9176 | D:11     | Killed Gastronok
  9176 | D:11     | Reached skill level 3 in Shields
  9236 | D:11     | Noticed a cyan ugly thing
  9254 | D:11     | Killed a cyan ugly thing
  9266 | D:11     | HP: 23/112 [something (9)]
  9448 | D:11     | Reached skill level 14 in Unarmed Combat
  9473 | D:11     | Received a gift from Okawaru
  9476 | D:11     | Reached skill level 9 in Fighting
  9557 | D:11     | Reached XP level 12. HP: 56/122 MP: 11/11
 10334 | D:12     | Reached skill level 4 in Shields
 10346 | D:12     | Reached skill level 7 in Throwing
 10497 | D:12     | HP: 30/122 [slime creature (6)]
 10877 | D:12     | Noticed Maurice
 10880 | D:12     | Killed Maurice
 10969 | D:12     | Found Hifeur's Jewellery Shop.
 10976 | D:12     | Bought an uncursed amulet of regeneration for 390 gold
                  | pieces
 11200 | D:12     | You fall into a shaft and drop 3 floors!
 11200 | D:15     | Entered Level 15 of the Dungeon
 11254 | D:15     | Noticed an ogre mage
 11259 | D:15     | Killed an ogre mage
 11259 | D:15     | Reached ****** piety under Okawaru
 11259 | D:15     | Noticed a two-headed ogre
 11260 | D:15     | Noticed a two-headed ogre
 11264 | D:15     | Killed a two-headed ogre
 11269 | D:15     | Killed a two-headed ogre
 11272 | D:15     | Reached skill level 15 in Unarmed Combat
 11279 | D:15     | HP: 23/123 [gargoyle/+0 dire flail (15)]
 11280 | D:15     | Reached skill level 5 in Shields
 11286 | D:15     | HP: 28/123 [poisoned by an ogre mage (bolt of poison)]
 11310 | D:15     | Received a gift from Okawaru
 11311 | D:15     | Noticed a two-headed ogre
 11329 | D:15     | Killed a two-headed ogre
 11337 | D:15     | Noticed a two-headed ogre
 11339 | D:15     | Received a gift from Okawaru
 11342 | D:15     | Noticed a centaur warrior
 11344 | D:15     | Noticed Josephine
 11394 | D:15     | Noticed Azrael
 11400 | D:15     | Killed Azrael
 11403 | D:15     | Reached skill level 8 in Throwing
 11405 | D:15     | HP: 31/125 [fire elemental[Azrael] (5)]
 11406 | D:15     | HP: 15/126 [two-headed ogre/+0 giant club (6)]
 11621 | D:15     | Killed a centaur warrior
 11636 | D:15     | Reached XP level 13. HP: 127/133 MP: 12/12
 12051 | D:15     | Received a gift from Okawaru
 12149 | D:15     | Reached skill level 10 in Fighting
 12235 | D:15     | HP: 29/133 [swamp dragon (glowing shapeshifter) (12)]
 12236 | D:15     | HP: 11/133 [swamp dragon (glowing shapeshifter) (7)]
 12237 | D:15     | HP: 5/133 [swamp dragon (glowing shapeshifter)] (6)]
 12242 | D:15     | HP: 2/199 [poisoned by a swamp dragon (poison gas)]
 12247 | D:15     | HP: 18/199 [poisoned by a swamp dragon (poison gas)]
 12252 | D:15     | HP: 28/199 [poisoned by a swamp dragon (poison gas)]
 12257 | D:15     | HP: 29/199 [poisoned by a swamp dragon (poison gas)]
 12263 | D:15     | HP: 31/199 [poisoned by a swamp dragon (poison gas)]
 12268 | D:15     | HP: 34/199 [poisoned by a swamp dragon (poison gas)]
 12273 | D:15     | HP: 39/199 [poisoned by a swamp dragon (poison gas)]
 12280 | D:15     | HP: 45/199 [poisoned by a swamp dragon (poison gas)]
 12382 | D:15     | Found a staircase to the Depths.
 12501 | D:15     | HP: 33/133 [wraith[a death knight] (11)]
 12827 | D:14     | Reached skill level 6 in Shields
 12882 | D:14     | Found Lusahy's Food Shoppe.
 12928 | D:14     | Found a frozen archway.
 12940 | IceCv    | Entered an ice cave
 12998 | IceCv    | Received a gift from Okawaru
 13003 | IceCv    | Got a crystal great mace {god gift}
 13010 | IceCv    | Identified the +1 great mace "Gaost" {protect, *Corrode
                  | rPois rC+} (Okawaru gifted it to you in an ice cave)
 13119 | IceCv    | Got a brightly glowing hat
 13138 | IceCv    | Identified the -2 hat "Sutz" {+Inv MR- Str-3 SInv} (You
                  | found it in an ice cave)
 13234 | IceCv    | Noticed a reaper
 13252 | IceCv    | Killed a reaper
 13252 | IceCv    | Reached skill level 16 in Unarmed Combat
 13844 | D:14     | Reached skill level 9 in Throwing
 13932 | D:14     | Received a gift from Okawaru
 13942 | D:14     | Found a gate to the Vaults.
 14313 | D:13     | Found Fycved's Book Shoppe.
 14474 | Lair:1   | Entered Level 1 of the Lair of Beasts
 14592 | Lair:1   | Received a gift from Okawaru
 14824 | Lair:1   | You fall into a shaft and drop 1 floor!
 14860 | Lair:2   | Found a staircase to the Shoals.
 14882 | Lair:2   | Reached XP level 14. HP: 118/144 MP: 13/13
 14905 | Lair:2   | Found a gate leading to a gauntlet.
 14914 | Gauntlet | Entered a Gauntlet
 14914 | Gauntlet | Found a transporter.
 14917 | Gauntlet | Found a transporter.
 14928 | Gauntlet | Found a runed translucent gate.
 14929 | Gauntlet | Found a transporter.
 14929 | Gauntlet | Found a runed translucent gate.
 14930 | Gauntlet | Found a transporter.
 14932 | Gauntlet | Found a runed translucent gate.
 14934 | Gauntlet | Found a transporter.
 14941 | Gauntlet | Found a transporter.
 14941 | Gauntlet | Found a transporter.
 14943 | Gauntlet | Found a transporter.
 14944 | Gauntlet | Found the +0 Maxwell's etheric cage {RegenMP+ *Contam rElec
                  | MP+4}
 14945 | Gauntlet | Found the ring of Phasing {EV+8}
 14951 | Gauntlet | Found a transporter.
 15028 | Gauntlet | Received a gift from Okawaru
 15031 | Gauntlet | Got a faintly glowing cloak
 15045 | Gauntlet | Identified the +0 cloak of Uhar {+Inv rF- rCorr Dex-3} (You
                  | found it in a Gauntlet)
 15072 | Gauntlet | Identified the Guide on Augmentations and Calling
 15092 | Gauntlet | Reached skill level 7 in Shields
 15146 | Gauntlet | Identified the cursed +0 shield of Hospitality {rN+ rCorr}
 15452 | Lair:2   | Found a runed translucent door.
 15452 | Lair:2   | Found a shimmering altar of Xom.
 15452 | Lair:2   | Noticed drasked's ghost (journeyman TrMo)
 15626 | Lair:2   | Found a hole to the Spider Nest.
 15950 | Lair:2   | Killed drasked's ghost
 15956 | Lair:2   | Identified the Guide on Calling and Venom
 16214 | Lair:3   | Received a gift from Okawaru
 16877 | Lair:4   | Reached skill level 17 in Unarmed Combat
 16895 | Lair:4   | Reached skill level 11 in Fighting
 16906 | Lair:4   | Received a gift from Okawaru
 17090 | Lair:4   | Received a gift from Okawaru
 17122 | Lair:4   | Reached skill level 10 in Throwing
 17256 | Lair:4   | Received a gift from Okawaru
 17943 | Lair:5   | Reached skill level 8 in Shields
 17954 | Lair:5   | Received a gift from Okawaru
 17982 | Lair:5   | Got a shimmering cloak {god gift}
 18029 | Lair:5   | Identified the +1 cloak "Egiobays" {-Tele rElec Str+3}
                  | (Okawaru gifted it to you on level 5 of the Lair of Beasts)
 18231 | Lair:5   | Reached XP level 15. HP: 146/154 MP: 14/14
 18842 | Lair:6   | Entered Level 6 of the Lair of Beasts
 19009 | Lair:6   | Found a shadowy altar of Dithmenos.
 19224 | Lair:6   | Found a staircase to the Slime Pits.
 19268 | Lair:6   | Found a runed translucent gate.
 19268 | Lair:6   | Found a runed translucent gate.
 19269 | Lair:6   | Found a runed translucent gate.
 19271 | Lair:6   | Noticed vurker's ghost (journeyman HOMo)
 19292 | Lair:6   | Reached skill level 18 in Unarmed Combat
 19428 | Lair:6   | Received a gift from Okawaru
 19594 | Lair:6   | Got a scorched whip
 19596 | Lair:6   | Got a pitted battleaxe
 20135 | Lair:6   | Received a gift from Okawaru
 20275 | Lair:6   | Killed vurker's ghost
 20279 | Lair:6   | Reached skill level 11 in Throwing
 20308 | Lair:6   | Reached skill level 9 in Shields
 20514 | Orc:1    | Entered Level 1 of the Orcish Mines
 20525 | Orc:1    | Noticed Urug
 20537 | Orc:1    | Killed Urug
 20779 | Orc:1    | Found Ded Joag's General Store.
 20793 | Orc:1    | Found a roughly hewn altar of Beogh.
 20980 | Orc:2    | Entered Level 2 of the Orcish Mines
 20980 | Orc:2    | Found a staircase to the Elven Halls.
 21190 | Orc:2    | Noticed an orc warlord
 21226 | Orc:2    | Killed an orc warlord
 21274 | Orc:2    | Reached skill level 12 in Fighting
 21342 | Orc:2    | Found a roughly hewn altar of Beogh.
 21354 | Orc:2    | Found Wuxuth's Book Shop.
 21414 | Orc:2    | Found Xureur's Antique Weapon Shop.
 21441 | Orc:2    | Found Poolabil's Antique Armour Shop.
 21501 | Orc:2    | Found Tifiluas's General Store.
 21555 | Orc:2    | Identified the +5 dire flail of Massacring {crush, MR++
                  | Dex-2}
 21556 | Orc:2    | Found a transporter.
 21556 | Orc:2    | Noticed emperorscorpion's ghost (novice DDBe)
 21558 | Orc:2    | Found a transporter.
 21951 | Orc:2    | Killed emperorscorpion's ghost
 22050 | Orc:2    | Bought a runed cloak for 270 gold pieces
 22248 | D:12     | Bought the ring "Ketrash" {rF+ EV+6 Str+4} for 1302 gold
                  | pieces
 22422 | Shoals:1 | Entered Level 1 of the Shoals
 22451 | Shoals:1 | Found a large runed translucent door.
 22452 | Shoals:1 | Found a large runed translucent door.
 22454 | Shoals:1 | Noticed Ezendos's ghost (adept OgTm)
 22548 | Shoals:1 | Received a gift from Okawaru
 22548 | Shoals:1 | Reached XP level 16. HP: 165/165 MP: 15/15
 22556 | Shoals:1 | Got a smoking quarterstaff {god gift}
 23304 | Shoals:2 | Noticed Donald
 23315 | Shoals:2 | Killed Donald
 23315 | Shoals:2 | Reached skill level 19 in Unarmed Combat
 23460 | Shoals:2 | Received a gift from Okawaru
 24323 | Shoals:3 | Reached skill level 10 in Shields
 24447 | Shoals:3 | HP: 34/167 [water nymph/the raging water (30)]
 24452 | Shoals:3 | HP: 33/167 [faun/+0 club[a satyr] (4)]
 24458 | Shoals:3 | HP: 30/167 [faun/+0 club[a satyr] (18)]
 24519 | Shoals:3 | Reached skill level 12 in Throwing
 24729 | Shoals:3 | Noticed Aizul
 24756 | Shoals:3 | Killed Aizul
 24851 | Shoals:3 | Found Sigeaxunk's Book Emporium.
 25121 | Shoals:4 | Entered Level 4 of the Shoals
 25169 | Shoals:4 | Received a gift from Okawaru
 25526 | Shoals:4 | Reached skill level 1 in Invocations
 25529 | Shoals:4 | Reached XP level 17. HP: 175/175 MP: 16/16
 25538 | Shoals:4 | Got a pitted arbalest
 25645 | Shoals:4 | HP: 42/175 [merfolk/+0 trident (22)]
 25650 | Shoals:4 | HP: 34/175 [merfolk impaler/+0 trident (11)]
 25657 | Shoals:4 | HP: 23/175 [merfolk/+0 trident (15)]
 25688 | Shoals:3 | HP: 41/175 [wind drake/the air (11)]
 25795 | Shoals:4 | HP: 35/175 [water nymph/the raging water (10)]
 25974 | Shoals:4 | HP: 43/175 [merfolk javelineer/silver javelin (1)]
 25979 | Shoals:4 | HP: 22/175 [merfolk javelineer/silver javelin (11)]
 25981 | Shoals:4 | HP: 9/175 [wind drake (4)]
 25985 | Shoals:4 | Reached skill level 2 in Invocations
 25989 | Shoals:4 | HP: 27/175 [merfolk javelineer/+4 spear of piercing (7)]
 25999 | Shoals:4 | HP: 33/175 [merfolk impaler/+2 trident of venom (6)]
 26006 | Shoals:3 | HP: 40/175 [poisoned by a merfolk impaler]
 26250 | Shoals:4 | Reached skill level 20 in Unarmed Combat
 26518 | Shoals:4 | Noticed Ilsuiw
 26532 | Shoals:4 | Killed Ilsuiw
 26572 | Shoals:4 | Received a gift from Okawaru
 26682 | Shoals:4 | Reached skill level 13 in Fighting
 26818 | Shoals:4 | Reached skill level 3 in Invocations
 26918 | Shoals:4 | Got a barnacled rune of Zot
 27306 | D:12     | Noticed Erolcha
 27320 | D:12     | Killed Erolcha
 27715 | D:13     | Found Wud Uvoppyk's Jewellery Shop.
 27840 | D:13     | Found Caneylae's Book Shop.
 28020 | D:13     | Found Det Soge's Jewellery Emporium.
 28101 | D:13     | Found Luuheceq's Weapon Boutique.
 28964 | D:15     | Killed Josephine
 29139 | Depths:1 | Entered Level 1 of the Depths
 29309 | Depths:1 | Reached skill level 4 in Invocations
 29428 | Depths:1 | Received a gift from Okawaru
 29636 | Depths:1 | Found a gateway to Hell.
 29645 | Depths:1 | Received a gift from Okawaru
 29697 | Depths:1 | Reached skill level 11 in Shields
 29832 | Depths:1 | HP: 27/178 [deep troll earth mage/blast of rock fragments
                  | (22)]
 29845 | Depths:1 | Reached XP level 18. HP: 40/185 MP: 20/20
 29846 | Depths:1 | HP: 41/185 [deep troll (1)]
 29852 | Depths:1 | HP: 32/185 [deep troll (7)]
 29858 | Depths:1 | HP: 30/185 [tengu warrior/+0 war axe (2)]
 29866 | Depths:1 | HP: 32/185 [deep troll (8)]
 29877 | Depths:1 | HP: 24/185 [tengu warrior/+0 war axe (8)]
 30029 | Depths:1 | Noticed a tentacled monstrosity
 30030 | Depths:1 | Identified the +7 quarterstaff "Fifump" {distort, *Rage
                  | rElec Int+3 Stlth+}
 30034 | Depths:1 | Found a runed translucent door.
 30205 | Depths:1 | Noticed a lich
 30214 | Depths:1 | Killed a lich
 30214 | Depths:1 | Reached skill level 13 in Throwing
 30214 | Depths:1 | Reached skill level 5 in Invocations
 30864 | D:13     | Bought the ring "Bejuag" {+Fly rC+ SInv} for 428 gold
                  | pieces
 31193 | Depths:1 | Received a gift from Okawaru
 31205 | Depths:1 | Got pitted steam dragon scales {god gift}
 31216 | Depths:1 | Identified the +1 steam dragon scales of the Rabble {rPois
                  | Int+3} (Okawaru gifted it to you on level 1 of the Depths)
 31405 | Depths:2 | Noticed a tentacled monstrosity
 31407 | Depths:2 | Reached skill level 21 in Unarmed Combat
 31413 | Depths:2 | Killed a tentacled monstrosity
 31441 | Depths:2 | Cast into level 3 of the Abyss (a deep elf sorcerer)
 31441 | Abyss:3  | Found a corrupted altar of Lugonu.
 31491 | Depths:2 | Escaped the Abyss
 31511 | Depths:2 | Reached skill level 6 in Invocations
 31564 | Depths:2 | Got a crude mace
 31745 | Depths:2 | Noticed a lich
 31776 | Depths:2 | Killed a lich
 31860 | Depths:2 | HP: 43/188 [acid (9)]
 31868 | Depths:2 | Received a gift from Okawaru
 31875 | Depths:2 | HP: 23/188 [frost giant/+1 battleaxe of freezing (14)]
 31888 | Depths:2 | HP: 29/188 [brown very ugly thing (11)]
 31892 | Depths:2 | Slain by a vampire knight

Levels and vault maps discovered:
D:1:      lemuel_arrival_rhombus, layout_loops_corners
D:2:      layout_basic, nicolae_ru_sacrificial_ziggurat, tso_oasis_becter,
          lemuel_blue_sif_altar, uniq_jessica, uniq_terence
D:3:      layout_basic, gammafunk_temple_overflow_pools, minmay_cut_off,
          uniq_purgy
D:4:      minmay_razor_zed, layout_basic, demons_altar
D:5:      layout_loops_ring, nicolae_overflow_crystal_walls, first_ration,
          moated_statue
D:6:      layout_basic, minmay_temple_entry_trees
D:7:      layout_loops_ring, uniq_harold
D:8:      layout_cave_pods, yredelemnul_forgotten_temple_becter,
          lemuel_coloured_pillars_altar, serial_shops, shop
D:9:      layout_cave_pools, lemuel_doored_altar,
          gammafunk_temple_overflow_forgotten, lair_entry_dummy, orc_0_dummy
D:10:     layout_basic, enter_bailey_2
D:11:     layout_basic, enter_trove_0, uniq_gastronok
D:12:     kennysheep_six_static_rooms, layout_gridville, serial_shops, shop,
          uniq_erolcha, uniq_maurice
D:13:     minmay_box_of_statues, layout_basic, serial_shops, shop, shop, shop,
          shop_statue, shop, minmay_fire_ice_demons
D:14:     layout_basic, ximxim_vaults_locker_room, serial_shops, shop,
          portal_ice_cave_rime, grunt_pizzeria
D:15:     hangedman_depths_entry_try_elsewhere_first, layout_basic, hex_medium,
          uniq_azrael, uniq_josephine
Temple:   nicolae_temple_figure_zero
Lair:1:   layout_loops_ring, serial_bayou_pond_a
Lair:2:   layout_hall_layers, shoals_dummy_entry, spider_nest_entry_rubble,
          ebering_ghost_xom, gauntlet_entry_generic, st_stairs_9,
          infiniplex_staircase_pool
Lair:3:   layout_long_grid, grunt_megastairs_1
Lair:4:   layout_gridlike, serial_bayou_shore_b
Lair:5:   layout_cave_pods
Lair:6:   minmay_lair_end_frog_pond, layout_gridlike, dpeg_slime_entry_corner,
          gammafunk_ghost_split, lemuel_oklob_altar
Shoals:1: layout_shoals, ebering_ghost_disaster_area
Shoals:2: layout_shoals, uniq_donald
Shoals:3: layout_shoals, serial_shops, shop, nicolae_shoals_water_shrine,
          uniq_aizul
Shoals:4: shoals_end_simple, layout_shoals, shoal_ilsuiw
Orc:1:    layout_caves, basic_altar, serial_shops, nicolae_shop_crystal,
          uniq_urug
Orc:2:    grunt_orc_cross, layout_caves, gammafunk_ghost_smash
Depths:1: layout_cave_shapes, grunt_hell_entry_dis_old, minmay_door_square,
          minmay_st_funbox, nicolae_water_bricks,
          hangedman_abyss_or_decor_passed, grunt_decor_mini_mirrors,
          serial_bayou_pond_b, nicolae_lava_and_water, minmay_metal_thing
Depths:2: minmay_the_grid_4x2 [minmay_the_grid_embedded, minmay_the_grid_fan,
          minmay_the_grid_paths, minmay_the_grid_artifice,
          minmay_the_grid_outer_circle, minmay_the_grid_tri_star,
          minmay_the_grid_minigrid_medium, minmay_the_grid_prize_four_corners],
          layout_cave_pools, chequers_serial_rivers_small_a, hell_entry,
          minmay_microvault, minmay_staircase_bubble, minmay_shop_grove

Skill      XL: |  1  2  3  4  5  6  7  8  9 10 11 12 13 14 15 16 17 18 |
---------------+-------------------------------------------------------+-----
Unarmed Combat | 4 5 6 8 10 11 12 14 15 16 17 18 19 20 21 | 21.4
Fighting       | 3 4 5 6 7 8 9 10 11 12 13 | 13.9
Throwing       | 3 5 6 8 9 10 11 12 13 | 13.0
Shields        | 3 5 6 8 9 10 11 | 11.8
Invocations    | 1 4 6 |  6.7
Dodging        | |  2.4
Stealth        | |  1.0

Action                   |  1- 3 |  4- 6 |  7- 9 | 10-12 | 13-15 | 16-18 || total
-------------------------+-------+-------+-------+-------+-------+-------++-------
Melee: Unarmed           |    90 |   104 |   266 |   559 |  1270 |  1330 ||  3619
       Punch             |       |     3 |    16 |     6 |       |       ||    25
Throw: Javelin           |       |       |    16 |    55 |    16 |   201 ||   288
       Boomerang         |       |       |       |    21 |       |       ||    21
       Throwing net      |       |       |       |     1 |       |       ||     1
       Large rock        |       |       |       |    18 |   206 |    59 ||   283
       Dart              |       |       |       |       |     1 |     1 ||     2
Invok: Heroism           |       |       |       |     3 |     7 |     7 ||    17
       Finesse           |       |       |       |       |       |     4 ||     4
 Abil: Evoke Flight      |       |       |       |       |       |     3 ||     3
Evoke: Wand              |       |       |       |     9 |     7 |     1 ||    17
       Box of beasts     |       |       |       |     1 |       |       ||     1
  Use: Scroll            |       |     2 |       |    28 |     8 |    11 ||    49
       Potion            |       |       |     5 |     3 |     4 |    10 ||    22
 Stab: Sleeping          |     2 |     2 |     4 |     3 |     1 |       ||    12
       Distracted        |       |       |     1 |       |       |       ||     1
       Paralysed         |       |       |       |     5 |     3 |       ||     8
       Invisible         |       |       |       |       |       |     3 ||     3
  Eat: Chunk             |    16 |    13 |    27 |    53 |    98 |    82 ||   289
       Ration            |       |       |       |       |     2 |     1 ||     3
Armor: Robe              |    41 |    30 |    61 |   119 |    51 |       ||   302
       Skin              |       |       |       |     1 |       |       ||     1
       Troll leather arm |       |       |       |       |   250 |   145 ||   395
Dodge: Dodged            |    45 |    28 |   124 |   116 |   474 |   697 ||  1484
Block: Other             |     8 |     9 |    21 |    15 |       |       ||    53
       Reflection        |       |       |     1 |    30 |    15 |    69 ||   115
       Large shield      |       |       |       |   397 |  1021 |  1144 ||  2562

Table legend:
 A = Non-vault XP
 B = Vault XP
 C = Vault XP percentage of total XP
 D = Non-vault monster count
 E = Vault monster count
 F = Vault count percentage of total count
                 A         B        C        D         E       F
            +---------+---------+-------+---------+---------+-------
      Total |  214396 |  158620 |  42.5 |     799 |     338 |  29.7
            +---------+---------+-------+---------+---------+-------
        D:1 |      21 |       0 |   0.0 |      13 |       0 |   0.0
        D:2 |      46 |      73 |  61.3 |      21 |       2 |   8.7
        D:3 |     119 |     137 |  53.5 |      11 |       4 |  26.7
        D:4 |     443 |     225 |  33.7 |      27 |       9 |  25.0
        D:5 |     641 |       0 |   0.0 |      22 |       0 |   0.0
        D:6 |    1438 |       0 |   0.0 |      31 |       0 |   0.0
        D:7 |    2004 |    1002 |  33.3 |      31 |       1 |   3.1
        D:8 |    1248 |       1 |   0.1 |       9 |       1 |  10.0
        D:9 |    2779 |       0 |   0.0 |      21 |       0 |   0.0
       D:10 |    2140 |       0 |   0.0 |      29 |       0 |   0.0
       D:11 |    7623 |    2265 |  22.9 |      46 |       1 |   2.1
       D:12 |    5826 |    1859 |  24.2 |      62 |       7 |  10.1
       D:13 |    5556 |    7325 |  56.9 |      26 |      31 |  54.4
       D:14 |    3349 |    6322 |  65.4 |      26 |      14 |  35.0
       D:15 |   16306 |    7247 |  30.8 |      34 |      18 |  34.6
     Lair:1 |    2459 |       0 |   0.0 |       7 |       0 |   0.0
     Lair:2 |    3555 |    2903 |  45.0 |      12 |       6 |  33.3
     Lair:3 |    3234 |     610 |  15.9 |      14 |       3 |  17.6
     Lair:4 |   11749 |       0 |   0.0 |      38 |       0 |   0.0
     Lair:5 |   16489 |       0 |   0.0 |      44 |       0 |   0.0
     Lair:6 |   10766 |   17544 |  62.0 |      35 |      54 |  60.7
   Shoals:1 |   15409 |       0 |   0.0 |      28 |       0 |   0.0
   Shoals:2 |   10901 |    2167 |  16.6 |      21 |       2 |   8.7
   Shoals:3 |   17922 |    8218 |  31.4 |      40 |      12 |  23.1
   Shoals:4 |   13971 |   28031 |  66.7 |      29 |      41 |  58.6
      Orc:1 |    2380 |     839 |  26.1 |      37 |       1 |   2.6
      Orc:2 |    1114 |   11745 |  91.3 |      13 |      41 |  75.9
   Depths:1 |   37571 |   12865 |  25.5 |      55 |      11 |  16.7
   Depths:2 |   17337 |   34951 |  66.8 |      17 |      26 |  60.5
     Bailey |       0 |    1814 | 100.0 |       0 |      18 | 100.0
      IceCv |       0 |    5346 | 100.0 |       0 |      29 | 100.0
   Gauntlet |       0 |    5131 | 100.0 |       0 |       6 | 100.0
            +---------+---------+-------+---------+---------+-------

Levels and vault maps discovered:
D:1:      lemuel_arrival_rhombus, layout_loops_corners
D:2:      layout_basic, nicolae_ru_sacrificial_ziggurat, tso_oasis_becter,
          lemuel_blue_sif_altar, uniq_jessica, uniq_terence
D:3:      layout_basic, gammafunk_temple_overflow_pools, minmay_cut_off,
          uniq_purgy
D:4:      minmay_razor_zed, layout_basic, demons_altar
D:5:      layout_loops_ring, nicolae_overflow_crystal_walls, first_ration,
          moated_statue
D:6:      layout_basic, minmay_temple_entry_trees
D:7:      layout_loops_ring, uniq_harold
D:8:      layout_cave_pods, yredelemnul_forgotten_temple_becter,
          lemuel_coloured_pillars_altar, serial_shops, shop
D:9:      layout_cave_pools, lemuel_doored_altar,
          gammafunk_temple_overflow_forgotten, lair_entry_dummy, orc_0_dummy
D:10:     layout_basic, enter_bailey_2
D:11:     layout_basic, enter_trove_0, uniq_gastronok
D:12:     kennysheep_six_static_rooms, layout_gridville, serial_shops, shop,
          uniq_erolcha, uniq_maurice
D:13:     minmay_box_of_statues, layout_basic, serial_shops, shop, shop, shop,
          shop_statue, shop, minmay_fire_ice_demons
D:14:     layout_basic, ximxim_vaults_locker_room, serial_shops, shop,
          portal_ice_cave_rime, grunt_pizzeria
D:15:     hangedman_depths_entry_try_elsewhere_first, layout_basic, hex_medium,
          uniq_azrael, uniq_josephine
Temple:   nicolae_temple_figure_zero
Lair:1:   layout_loops_ring, serial_bayou_pond_a
Lair:2:   layout_hall_layers, shoals_dummy_entry, spider_nest_entry_rubble,
          ebering_ghost_xom, gauntlet_entry_generic, st_stairs_9,
          infiniplex_staircase_pool
Lair:3:   layout_long_grid, grunt_megastairs_1
Lair:4:   layout_gridlike, serial_bayou_shore_b
Lair:5:   layout_cave_pods
Lair:6:   minmay_lair_end_frog_pond, layout_gridlike, dpeg_slime_entry_corner,
          gammafunk_ghost_split, lemuel_oklob_altar
Shoals:1: layout_shoals, ebering_ghost_disaster_area
Shoals:2: layout_shoals, uniq_donald
Shoals:3: layout_shoals, serial_shops, shop, nicolae_shoals_water_shrine,
          uniq_aizul
Shoals:4: shoals_end_simple, layout_shoals, shoal_ilsuiw
Orc:1:    layout_caves, basic_altar, serial_shops, nicolae_shop_crystal,
          uniq_urug
Orc:2:    grunt_orc_cross, layout_caves, gammafunk_ghost_smash
Depths:1: layout_cave_shapes, grunt_hell_entry_dis_old, minmay_door_square,
          minmay_st_funbox, nicolae_water_bricks,
          hangedman_abyss_or_decor_passed, grunt_decor_mini_mirrors,
          serial_bayou_pond_b, nicolae_lava_and_water, minmay_metal_thing
Depths:2: minmay_the_grid_4x2 [minmay_the_grid_embedded, minmay_the_grid_fan,
          minmay_the_grid_paths, minmay_the_grid_artifice,
          minmay_the_grid_outer_circle, minmay_the_grid_tri_star,
          minmay_the_grid_minigrid_medium, minmay_the_grid_prize_four_corners],
          layout_cave_pools, chequers_serial_rivers_small_a, hell_entry,
          minmay_microvault, minmay_staircase_bubble, minmay_shop_grove

Table legend:
 A = Turns spent in this place as a percentage of turns spent in the entire game.
 B = Non-inter-level travel turns spent in this place as a percentage of non-inter-level travel turns spent in the entire game.
 C = Inter-level travel turns spent in this place as a percentage of turns spent in this place.
 D = Turns resting spent in this place as a percentage of non-inter-level travel turns spent in this place.
 E = Turns spent auto-exploring this place as a percentage of non-inter-level travel turns spent in this place.
 F = Non-inter-level travel turns spent in this place divided by the number of levels of this place that you've seen.
                   A       B       C       D       E      F
               +-------+-------+-------+-------+-------+----------------------
         Total | 100.0 | 100.0 |   5.9 |  10.0 |  52.0 | 882.6
       Dungeon |  49.9 |  48.8 |   7.9 |  12.6 |  58.5 | 976.5
        Temple |   0.5 |   0.5 |   0.0 |   0.0 |  72.3 | 148.0
          Lair |  18.1 |  18.2 |   5.4 |   1.7 |  63.0 | 912.0
        Shoals |  14.8 |  15.1 |   3.9 |  14.3 |  35.4 | 1135.0
  Orcish Mines |   5.0 |   5.0 |   5.3 |   0.0 |  57.1 | 757.5
        Depths |   7.4 |   7.7 |   2.1 |  12.1 |  37.4 | 1149.0
         Abyss |   0.2 |   0.2 |   0.0 |  48.0 |   0.0 |  50.0
        Bailey |   1.5 |   1.6 |   0.0 |   0.0 |  25.8 | 466.0
      Ice Cave |   1.7 |   1.8 |   0.0 |  21.7 |   7.2 | 554.0
      Gauntlet |   1.0 |   1.1 |   0.0 |   0.0 |   0.0 | 318.0
               +-------+-------+-------+-------+-------+----------------------

Table legend:
 A = Kills in this place as a percentage of kills in entire the game.
 B = Kills by you in this place as a percentage of kills by you in the entire game.
 C = Kills by friends in this place as a percentage of kills by friends in the entire game.
 D = Other kills in this place as a percentage of other kills in the entire game.
 E = Experience gained in this place as a percentage of experience gained in the entire game.
 F = Experience gained in this place divided by the number of levels of this place that you have seen.
                   A       B       C       D       E      F
               +-------+-------+-------+-------+-------+----------------------
         Total | 100.0 | 100.0 | 100.0 | 100.0 | 100.0 | 10971.1
       Dungeon |  43.7 |  43.5 | 100.0 |  37.5 |  20.4 | 5066.3
          Lair |  18.7 |  19.0 |   0.0 |   0.0 |  18.6 | 11551.5
        Shoals |  15.2 |  15.2 |   0.0 |  25.0 |  25.9 | 24154.8
  Orcish Mines |   8.1 |   8.2 |   0.0 |   0.0 |   4.3 | 8039.0
        Depths |   9.6 |   9.7 |   0.0 |   0.0 |  27.5 | 51362.0
        Bailey |   1.6 |   1.3 |   0.0 |  37.5 |   0.5 | 1814.0
      Ice Cave |   2.6 |   2.6 |   0.0 |   0.0 |   1.4 | 5346.0
      Gauntlet |   0.5 |   0.5 |   0.0 |   0.0 |   1.4 | 5131.0
               +-------+-------+-------+-------+-------+----------------------
